Match 46961300
Unlisted

Match 46961300
End
Vickers Machine Gun Team
Construct Section Command Post
Dingo Light Scout Car
Infantry Section
Dingo Light Scout Car
Construct Platoon Command Post
Humber Armored Car
Infantry Section
Unlock Bishop Self-propelled Artillery
Royal Engineer Section
CMP 15cwt Truck
Bishop Self-propelled Artillery
Selects Air and Sea Battlegroup
Selects Supply Surplus
Selects UNKNOWN (223837)
Construct Resource Cache
Construct Resource Cache
Bishop Self-propelled Artillery
6-pounder Anti-tank Gun Team
for the .....
Kikastis
新年辞旧喜洋洋
Mecska
The101stAirBorne ITA
Valieriumborn
Konrad Curze
FLOKL
0
0

Comments sign in to comment!

No comments posted yet!